 Dungeon Crawl Stone Soup version 0.22.0-60-ga52c2fcf6e (webtiles) character file.

1856 MaCx the Cleaver (level 9, -6/85 HPs)
             Began as a Hill Orc Fighter on Sept 11, 2018.
             Mangled by an orc warrior
             ... wielding a +0 trident
              (17 damage)
             ... on level 7 of the Dungeon.
             The game lasted 00:17:48 (7119 turns).

MaCx the Cleaver (Hill Orc Fighter)                 Turns: 7119, Time: 00:17:48

Health: -6/85      AC: 13    Str: 20    XL:     9   Next: 13%
Magic:  9/9        EV:  3    Int:  8    God:
Gold:   303        SH:  9    Dex: 12    Spells: 8/8 levels left

rFire    . . .     SeeInvis .   a - +0 war axe
rCold    . . .     Gourm    .   c - +0 shield
rNeg     . . .     Faith    .   z - +0 plate armour (curse)
rPois    .         Spirit   .   (no helmet)
rElec    .         Reflect  .   (no cloak)
rCorr    .         Harm     .   C - +0 pair of gloves
MR       .....                  o - +0 pair of boots
Stlth    ..........             (no amulet)
HPRegen  0.24/turn              (no ring)
MPRegen  0.11/turn              (no ring)

@: lethally poisoned (-6 -> -6), slowed, very slow
A: no striking features
a: no special abilities


You were on level 7 of the Dungeon.
You were hungry.

You visited 1 branch of the dungeon, and saw 7 of its levels.

You collected 303 gold pieces.

Inventory:

Hand Weapons
 a - a +0 war axe (weapon)
Missiles
 s - 11 tomahawks (quivered)
Armour
 c - a +0 shield (worn)
 o - a +0 pair of boots (worn)
 z - a cursed +0 plate armour (worn)
 A - a +2 ring mail of poison resistance
 C - a +0 pair of gloves (worn)
Jewellery
 g - a +2 amulet of reflection {unknown}
 i - an uncursed ring of stealth {unknown}
 w - an uncursed ring of protection from magic {unknown}
Wands
 y - a wand of iceblast (9)
Scrolls
 b - a scroll of amnesia {unknown}
 h - 2 scrolls of teleportation {unknown}
 j - 5 scrolls of fog {unknown}
 k - 7 scrolls of remove curse {unknown}
 m - 7 scrolls of identify {unknown}
 q - a scroll of enchant weapon {unknown}
 r - 3 scrolls of enchant armour {unknown}
 t - a scroll of magic mapping {unknown}
 x - a scroll of noise {unknown}
Potions
 d - 2 potions of might
 e - 2 potions of lignification {unknown}
 l - 2 potions of agility {unknown}
 n - 2 potions of haste {unknown}
 p - 2 potions of heal wounds {unknown}
 u - a potion of cancellation {unknown}
 v - a potion of berserk rage {unknown}
Comestibles
 f - 11 rations


   Skills:
 + Level 10.3 Fighting
 + Level 10.7 Axes
 - Level 3.4 Armour
 - Level 3.4 Shields


You had 8 spell levels left.
You didn't know any spells.
Your spell library contained the following spells:

 Spells                   Type           Power        Failure   Level  Hunger
 Magic Dart               Conj           #...         100%        1    ##.....
 Blink                    Tloc           N/A          100%        2    ###....
 Call Imp                 Summ           #.......     100%        2    ###....
 Slow                     Hex            #.......     100%        2    ###....
 Conjure Flame            Conj/Fire      #.......     100%        3    ####...
 Mephitic Cloud           Conj/Pois/Air  #.......     100%        3    ####...


Dungeon Overview and Level Annotations

Branches:
Dungeon (7/15)
 Temple: D:4-7

Altars:
Ashenzari
Nemelex Xobeh

Shops:
D:7 (

Annotations:
D:2 exclusion: downstairs
D:3 4 exclusions, Sigmund


Message History

You slash the orc warrior!
The orc warrior is moderately wounded.
You feel sick.
The orc wizard casts a spell.
The orc wizard blinks!
The orc warrior hits you with a trident!
You slash the orc warrior!
The orc warrior is heavily wounded.
The orc warrior hits you with a trident!
* * * LOW HITPOINT WARNING * * *
The orc warrior hits you with a trident!
* * * LOW HITPOINT WARNING * * *
You feel sick.
The orc wizard gestures wildly while chanting.
The orc wizard blinks!
The orc warrior hits you but does no damage.
There is a stone staircase leading up here.
You feel sick. You block the orc warrior's attack.
The orc warrior hits you from afar with a trident!
You die...

#..<.. ..# #....?
##..#
#.....##...#
#.......... ...
#......... ...
#......#+# ....
##......+∩+.....
#.....†)#'#.....
#.....@.........
#.....÷.....o...
#.......o.......
#.#.............
#........#......
...#########.#...
#.. ..... #.
#.#.# . . #


You could see an orc warrior and an orc wizard.

Vanquished Creatures
  Pikel (D:6)
  A necrophage (D:7)
  A centaur (D:6)
  3 ogres
  A scorpion (D:5)
  3 crimson imps (D:5)
  A hound (D:5)
  A jelly (D:5)
  A centaur skeleton (D:4)
  3 orc priests
  A bullfrog skeleton (D:5)
  Natasha (thrice) (D:2)
  6 orc wizards
  3 worker ants
  A worker ant zombie (D:5)
  16 adders
  A shadow imp (D:5)
  2 oozes
  3 worms (D:3)
  2 dart slugs
  4 leopard geckos
  15 orcs
  3 ball pythons
  6 bats
  13 giant cockroaches
  8 goblins
  8 hobgoblins
  7 jackals
  6 quokkas
  4 frilled lizards
  5 kobolds
  9 rats
142 creatures vanquished.

Vanquished Creatures (others)
  A bullfrog (D:6)
  A worker ant zombie (D:6)
  4 orcs (D:6)
6 creatures vanquished.

Grand Total: 148 creatures vanquished

Notes
Turn   | Place    | Note
-------+----------+-------------------------------------------
     0 | D:1      | MaCx the Hill Orc Fighter began the quest for the Orb.
     0 | D:1      | Reached XP level 1. HP: 19/19 MP: 1/1
    16 | D:1      | Reached XP level 2. HP: 8/27 MP: 2/2
  1064 | D:1      | Reached XP level 3. HP: 33/33 MP: 3/3
  1700 | D:2      | Reached XP level 4. HP: 41/41 MP: 4/4
  1793 | D:2      | Noticed Natasha
  1811 | D:2      | Killed Natasha
  1811 | D:2      | Reached skill level 5 in Fighting
  1900 | D:2      | Reached XP level 5. HP: 45/48 MP: 5/5
  2220 | D:2      | Reached skill level 5 in Axes
  2563 | D:2      | Noticed Natasha
  2576 | D:2      | Killed Natasha
  2756 | D:2      | Noticed Natasha
  2761 | D:2      | Killed Natasha
  2923 | D:3      | Reached XP level 6. HP: 56/57 MP: 6/6
  3773 | D:3      | Noticed Sigmund
  4148 | D:4      | Reached XP level 7. HP: 62/64 MP: 7/7
  4334 | D:4      | Found a shattered altar of Ashenzari.
  4908 | D:5      | Entered Level 5 of the Dungeon
  5385 | D:5      | Reached XP level 8. HP: 74/74 MP: 8/8
  5911 | D:6      | Noticed Pikel
  5932 | D:6      | Killed Pikel
  5932 | D:6      | Reached skill level 10 in Axes
  6263 | D:6      | Found a sparkling altar of Nemelex Xobeh.
  6429 | D:6      | Reached skill level 10 in Fighting
  6429 | D:6      | Reached XP level 9. HP: 63/85 MP: 9/9
  6940 | D:7      | Found Ziruenut's Antique Weapon Emporium.
  7119 | D:7      | Mangled by an orc warrior

Skill      XL: |  1  2  3  4  5  6  7  8 |
---------------+-------------------------+-----
Axes           | 3 4 5 6 8 10 | 10.7
Fighting       | 4 5 6 8 10 | 10.3
Armour         | |  3.4
Shields        | |  3.4

Action                   |  1- 3 |  4- 6 |  7- 9 || total
-------------------------+-------+-------+-------++-------
Melee: War axe           |   115 |   214 |   218 ||   547
  Eat: Chunk             |     2 |     9 |     9 ||    20
Armor: Scale mail        |    63 |    80 |     3 ||   146
       Chain mail        |       |       |    78 ||    78
       Plate armour      |       |       |    58 ||    58
Dodge: Dodged            |    39 |    63 |    28 ||   130
Block: Shield            |    78 |   106 |   104 ||   288
